 Dungeon Crawl Stone Soup version 0.29.1-1-gd02db6906a (webtiles) character file.

Game seed: 11398755074763933325

16 H0rd4k the Insei (level 2, 0/18 HPs)
             Began as an Octopode Transmuter on Oct 20, 2022.
             Slain by a kobold
             ... wielding a +0 dagger
              (2 damage)
             ... on level 2 of the Dungeon.
             The game lasted 00:00:43 (1281 turns).

H0rd4k the Insei (Octopode Transmuter)              Turns: 1281, Time: 00:00:44

Health: 0/18       AC:  1    Str: 15    XL:     2   Next: 58%
Magic:  5/5        EV: 13    Int: 15    God:
Gold:   95         SH:  0    Dex: 12    Spells: 4/5 levels left

rFire   . . .      SeeInvis .     - Unarmed
rCold   . . .      Faith    .   (no shield)
rNeg    . . .      Spirit   .   (helmet restricted)
rPois   .          Reflect  .   (no amulet)
rElec   .          Harm     .   e - +6 ring of strength
rCorr   .          Rampage  .   (no ring)
Will    .....                   (no ring)
Stlth   ++........              (no ring)
HPRegen 0.06/turn               (no ring)
MPRegen 0.09/turn               (no ring)
                                (no ring)
                                (no ring)

@: lethally poisoned (0 -> -14)
A: almost no armour, amphibious, 8 rings, camouflage 1, gelatinous body 1,
(nimble swimmer 1), tentacles
a: no special abilities


You were on level 2 of the Dungeon.
You visited 1 branch of the dungeon, and saw 2 of its levels.

You collected 95 gold pieces.

Inventory:

Missiles
 c - a throwing net
Jewellery
 e - a +6 ring of strength (left tentacle)
Scrolls
 b - a scroll of teleportation {unknown}
 f - a scroll of immolation {unknown}
Potions
 a - a potion of lignification
 d - a potion of invisibility {unknown}
 g - a potion of heal wounds {unknown}
 h - a potion of ambrosia {unknown}


   Skills:
 + Level 1.0 Fighting
 + Level 2.1 Dodging
 + Level 3.4 Unarmed Combat
 + Level 2.1 Spellcasting
 + Level 2.2 Transmutations


You had 4 spell levels left.
You knew the following spells:

 Your Spells              Type           Power      Damage    Failure   Level
a - Beastly Appendage     Tmut           16%        N/A       9%          1

Your spell library contained the following spells:

 Spells                   Type           Power      Damage    Failure   Level
 Wereblood                Tmut           8%         N/A       13%         2
 Spider Form              Tmut/Pois      4%         N/A       38%         3
 Ice Form                 Ice/Tmut       4%         N/A       80%         4
 Chain Lightning          Conj/Air       0%         2d1       100%        9
 Fire Storm               Conj/Fire      0%         6d1       100%        9
 Shatter                  Erth           0%         3d5*      100%        9


Dungeon Overview and Level Annotations

Branches:
Dungeon (2/15)

Altars:


Innate Abilities, Weirdness & Mutations

You cannot wear most types of armour.
You are amphibious.
You can wear up to eight rings at the same time.
Your skin changes colour to match your surroundings (Stealth+).
Your rubbery body absorbs attacks. (AC +1, EV +1)
((You are camouflaged when in or above water. (Stealth+)))
You have tentacles for arms and can constrict up to eight enemies at once.


Message History

You tentacle-slap the quokka.
You kill the quokka!
No target in view!
No target in view!
h - an emerald potion No target in view!
A kobold comes into view. It is wielding a +0 dagger.
The kobold shouts!
You hear an angry hiss.
An adder comes into view.
There are monsters nearby!
The kobold throws a stone.
The stone hits you.
There are monsters nearby!
There are monsters nearby!
The adder bites you.
You are poisoned.
The adder poisons you! The kobold completely misses you. The adder misses you.
There are monsters nearby!
You completely miss the adder. Your grab misses the adder.
You feel sick. The adder barely misses you.
The kobold hits you with a +0 dagger.
You tentacle-slap the adder. Your grab misses the adder.
The adder is lightly wounded.
You feel sick. The adder barely misses you. The kobold barely misses you.
You tentacle-slap the adder. Your grab misses the adder.
The adder is heavily wounded.
You feel sick. The adder bites you but does no damage.
The kobold hits you but does no damage.
You barely miss the adder. Your grab misses the adder.
Your squeeze misses the adder.
The adder is heavily wounded.
You feel sick. The adder bites you.
You are lethally poisoned!
The adder poisons you! The kobold hits you with a +0 dagger.
The adder misses you.
You tentacle-slap the adder. Your grab misses the adder.
The adder is severely wounded.
You feel sick. The adder bites you.
* * * LOW HITPOINT WARNING * * *
You are more poisoned.
The adder poisons you! The kobold hits you with a +0 dagger.
You die...

#.#........#+##.....
#.#...........#.....
#.#...........##+###
#.#..†........##.#
#.#.>#######+###.#
#.#..# #.# #.#..#
#.# #.#..# #.#
#.#@.# #########.#
#.#SK# #.........#
#.#....#.######..#
#.#.####.# #<..#
#.#.# #.# #...#
#.#.# #.#####...#
#.#.# #.........#
#.#.# #####.#...#
#.# #.#...#


You could see an adder and a kobold.

Vanquished Creatures
  2 endoplasms (D:1)
  A giant cockroach (D:1)
  A goblin (D:1)
  A hobgoblin (D:1)
  2 kobolds (D:1)
  3 quokkas
  A bat (D:1)
  2 frilled lizards
  2 rats
15 creatures vanquished.

Notes
Turn   | Place    | Note
-------+----------+-------------------------------------------
     0 | D:1      | H0rd4k the Octopode Transmuter began the quest for the Orb.
     0 | D:1      | Reached XP level 1. HP: 13/13 MP: 3/3
   577 | D:1      | Reached XP level 2. HP: 18/18 MP: 5/5
  1203 | D:2      | Found a faded altar of an unknown god.
  1281 | D:2      | Slain by a kobold

Illustrated notes

Levels and vault maps discovered:
D:1:      dpeg_arrival_renting, layout_loops_ring
D:2:      layout_basic, basic_ecumenical_altar

Action                   || total
-------------------------++-------
Melee: Unarmed           ||    43
       Constrict         ||     7
       Tentacles         ||     5
 Stab: Sleeping          ||     5
Armor: Skin              ||     3
Dodge: Dodged            ||    24
